 Dungeon Crawl Stone Soup version 0.21-a0-356-g45b0a09 (webtiles) character file.

1 tidbits the Insei (level 1, 0/15 HPs)
             Began as a Demigod Transmuter on Oct 12, 2017.
             Slain by a hobgoblin
             ... wielding a +0 club
              (5 damage)
             ... on level 1 of the Dungeon.
             The game lasted 00:00:32 (39 turns).

tidbits the Insei (Demigod Transmuter)                Turns: 39, Time: 00:00:33

Health: 0/15       AC:  2    Str: 13    XL:     1   Next: 13%
Magic:  4/5        EV: 12    Int: 17    God:
Gold:   0          SH:  0    Dex: 16    Spells: 2/3 levels left

rFire    . . .     SeeInvis .     - Unarmed
rCold    . . .     Gourm    .   (no shield)
rNeg     . . .     Faith    .   b - +0 robe
rPois    .         Spirit   .   (no helmet)
rElec    .         Reflect  .   (no cloak)
rCorr    .         Harm     .   (no gloves)
MR       .....                  (no boots)
Stlth    +.........             (no amulet)
HPRegen  0.05/turn              (no ring)
MPRegen  0.09/turn              (no ring)

@: appendage
A: horns 2, high mp 1
a: End Transformation


You were on level 1 of the Dungeon.
You were not hungry.
You had grown temporary horns.
You visited 1 branch of the dungeon, and saw 1 of its levels.

Inventory:

Missiles
 a - 12 arrows
Armour
 b - a +0 robe (worn)
Scrolls
 e - a scroll of immolation {unknown}
Books
 c - a book of Changes

   Spells                             Type                      Level
   a - Beastly Appendage              Transmutation                1
   b - Sticks to Snakes               Transmutation                2
   c - Spider Form                    Transmutation/Poison         3
   d - Ice Form                       Ice/Transmutation            4
   e - Blade Hands                    Transmutation                5
Comestibles
 d - a bread ration


   Skills:
 + Level 0.9 Fighting
 + Level 1.8 Dodging
 + Level 2.7 Unarmed Combat
 + Level 1.7 Spellcasting
 + Level 1.8 Transmutations


You had 2 spell levels left.
You knew the following spells:

 Your Spells              Type           Power        Failure   Level  Hunger
e - Beastly Appendage     Tmut           #.....       10%         1    #......


Dungeon Overview and Level Annotations

Branches:
Dungeon (1/15)


Innate Abilities, Weirdness & Mutations

You have an increased reservoir of magic. (+10% MP)
You have a pair of horns on your head.


Message History

Welcome, tidbits the Demigod Transmuter.
Will you be the one to retrieve the fabulous Orb of Zot from the depths?
Press ? for a list of commands and other information.
Found a staircase leading out of the dungeon.
New annotation for D:1 (include '!' for warning):
Okay, then.
You open the large door.
There is a large open door here.
You open the large door.
There is a large open door here.
As you open the large door, it creaks loudly!
There is a large open door here.
Found a scroll labeled YRAUTW USSA.
A bat comes into view.
Found a stone staircase leading down.
Casting: Beastly Appendage
Confirm with . or Enter, or press ? or * to list all spells.
Your feet morph into talons.
The bat hits you but does no damage. The bat misses you.
You barely miss the bat.
Your transformation is almost over.
The bat barely misses you. x2
You hit the bat. You claw the bat.
You kill the bat!
e - a scroll labeled YRAUTW USSA A kobold comes into view.
Found 3 tomahawks.
The kobold shouts!
The kobold throws a stone.
The stone closely misses you.
The kobold throws a stone.
The stone hits you.
You see here a stone.
Your talons disappear.
You hit the kobold.
You kill the kobold!
A hobgoblin comes into view. It is wielding a club.
Found a dagger.
You see here 3 tomahawks.
Casting: Beastly Appendage
Confirm with . or Enter, or press ? or * to list all spells.
You grow a pair of large bovine horns.
You hit the hobgoblin.
The hobgoblin is lightly wounded.
The hobgoblin hits you with a club.
You barely miss the hobgoblin. Your headbutt misses the hobgoblin.
The hobgoblin is lightly wounded.
The hobgoblin hits you with a club.
* * * LOW HITPOINT WARNING * * *
You closely miss the hobgoblin.
The hobgoblin is lightly wounded.
The hobgoblin hits you with a club.
You die...

#........>......##
#......(.........#
.##................#
..........(........#
...#...............#
....................#
#...................#
.###.............##
##.@...#.....##
#......g..########
#.........#
..........#
#)........#
#.........#
#.........#
..........#


You could see a hobgoblin.

Vanquished Creatures
  A bat (D:1)
  A kobold (D:1)
2 creatures vanquished.

Notes
Turn   | Place    | Note
-------+----------+-------------------------------------------
     0 | D:1      | tidbits the Demigod Transmuter began the quest for the Orb.
     0 | D:1      | Reached XP level 1. HP: 15/15 MP: 5/5
    39 | D:1      | Slain by a hobgoblin

Vault maps used:
D:1:      lightli_arrival_lavapool

Action                   || total
-------------------------++-------
Melee: Unarmed           ||     6
       Kick              ||     1
 Cast: Beastly Appendage ||     2
Armor: Robe              ||     1
Dodge: Dodged            ||     4

Table legend:
 A = Spawn XP
 B = Non-spawn XP
 C = Spawn XP percentage of total XP
 D = Spawn monster count
 E = Non-spawn monster count
 F = Spawn count percentage of total count
 G = Total turns spent on level
                    A         B        C        D         E        F      G
               +---------+---------+-------+---------+---------+-------+---------
         Total |       0 |       2 |   0.0 |       0 |       2 |   0.0 |    39
               +---------+---------+-------+---------+---------+-------+---------
           D:1 |       0 |       2 |   0.0 |       0 |       2 |   0.0 |    39
               +---------+---------+-------+---------+---------+-------+---------

Table legend:
 A = Turns spent in this place as a percentage of turns spent in the entire game.
 B = Non-inter-level travel turns spent in this place as a percentage of non-inter-level travel turns spent in the entire game.
 C = Inter-level travel turns spent in this place as a percentage of turns spent in this place.
 D = Turns resting spent in this place as a percentage of non-inter-level travel turns spent in this place.
 E = Turns spent auto-exploring this place as a percentage of non-inter-level travel turns spent in this place.
 F = Non-inter-level travel turns spent in this place divided by the number of levels of this place that you've seen.
                   A       B       C       D       E      F
               +-------+-------+-------+-------+-------+----------------------
         Total | 100.0 | 100.0 |   0.0 |   0.0 |   0.0 |  39.0
       Dungeon | 100.0 | 100.0 |   0.0 |   0.0 |   0.0 |  39.0
               +-------+-------+-------+-------+-------+----------------------

Table legend:
 A = Kills in this place as a percentage of kills in entire the game.
 B = Kills by you in this place as a percentage of kills by you in the entire game.
 C = Kills by friends in this place as a percentage of kills by friends in the entire game.
 D = Other kills in this place as a percentage of other kills in the entire game.
 E = Experience gained in this place as a percentage of experience gained in the entire game.
 F = Experience gained in this place divided by the number of levels of this place that you have seen.
                   A       B       C       D       E      F
               +-------+-------+-------+-------+-------+----------------------
         Total | 100.0 | 100.0 |   N/A |   N/A | 100.0 |   2.0
       Dungeon | 100.0 | 100.0 |   N/A |   N/A | 100.0 |   2.0
               +-------+-------+-------+-------+-------+----------------------

Vault maps used:
D:1:      lightli_arrival_lavapool
